 Dungeon Crawl Stone Soup version 0.32-a0-711-g016ad743e0 (webtiles) character file.

Game seed: 14554691101389836237

533942 Turgor the Marksgoblin (level 25, -3/280 (306) HPs)
             Began as a Coglin Hunter on Mar 14, 2024.
             Was an Initiate of Gozag.
             Slain by a stone giant (15 damage)
             ... on level 5 of the Vaults on Mar 15, 2024.
             The game lasted 06:24:16 (49265 turns).

Turgor the Marksgoblin (Coglin Hunter)             Turns: 49265, Time: 06:24:16

HP:   -3/280 (306)  AC: 32    Str: 12    XL:     25   Next: 74%
MP:   32/34         EV:  2    Int: 10    God:    Gozag
Gold: 4671          SH:  0    Dex: 30    Spells: 23/45 levels left

rFire   + + .        T - +1 hand cannon (flame) {Saranna}
rCold   + + .        f - +1 hand cannon (heavy) {Jin}
rNeg    . . .        F - melded +7 Kryia's mail coat {PotionHeal*2 rC+}
rPois   +            C - melded +2 helmet {SInv}
rElec   +            K - melded scarf {rC+ rF+}
rCorr   +            x - melded +2 pair of gloves {infuse}
SInv    .            e - melded +4 pair of boots "Enudytha" {Dex+6}
Will    +....        (no amulet)
Stlth   ++++         (no ring)
HPRegen 1.46/turn    (no ring)
MPRegen 0.64/turn    L - articulated booster {rF+ rC+ Regen+ RegenMP+}

%: no passive effects
@: mighty, brilliant, tree-form, resistant, marked, forested, gold aura, very
slightly contaminated, hasted, studying Ice Magic, drained, slow
A: stationary, stasis, torment immunity, boosted hp, off-hand wielding, slow
wielding, warmup strikes, (no jewellery), agile 1, (cold resistance 1), low MP 1
}: 3/15 runes: serpentine, barnacled, abyssal
a: Renounce Religion, Potion Petition, Call Merchant, Bribe Branch


You were on level 5 of the Vaults.
You worshipped Gozag.
Gozag was most pleased with you.
You were a tree.
You visited 10 branches of the dungeon, and saw 46 of its levels.
You visited the Abyss 1 time.
You visited 1 bazaar.
You also visited: Gauntlet and Ice Cave.

You collected 11008 gold pieces.
You spent 2227 gold pieces at shops.
You paid 4110 gold pieces to Gozag.

Inventory:

Hand Weapons
 f - a +1 heavy hand cannon (offhand) {Jin}
 y - a +2 demon blade of electrocution
 M - the +6 Majin-Bo {spellvamp, MP+6 Int+6}
   (You took it off a deep elf knight on level 3 of the Elven Halls)

   Int+6:     It affects your intelligence (+6).
   MP+6:      It affects your magic capacity (+6).
 T - a +1 hand cannon of flaming (weapon) {Saranna}
Missiles
 o - 17 curare-tipped darts
 s - 9 throwing nets
Armour
 c - a +1 pair of gloves
 e - the +4 pair of boots "Enudytha" (melded) {Dex+6}
   (You acquired it on level 8 of the Dungeon)

   Dex+6:     It affects your dexterity (+6).
 x - a +2 pair of gloves of infusion (melded)
 C - a +2 helmet of see invisible (melded)
 F - the +7 Kryia's mail coat (melded) {PotionHeal*2 rC+}
   (You found it on level 11 of the Dungeon)

   PotionHeal*2: Potions heal its wearer twice as much.
   rC+:       It protects you from cold.
 K - a scarf of resistance (melded)
 N - a +1 cloak of preservation
 Z - the +2 helmet of the Game of Kings {rPois rF+ rCorr}
   (You acquired it on level 1 of the Crypt)

   rF+:       It protects you from fire.
   rPois:     It protects you from poison.
   rCorr:     It protects you from acid and corrosion.
Gizmo
 L - an articulated booster (installed) {rF+ rC+ Regen+ RegenMP+}
   (You invented it yourself on level 3 of the Lair of Beasts)

   [articulated booster]

   rF+:       It protects you from fire.
   rC+:       It protects you from cold.
   Regen+:    It increases your rate of health regeneration.
   RegenMP+:  It increases your rate of magic regeneration.
Wands
 g - a wand of digging (6)
 h - a wand of flame (112)
 G - a wand of polymorph (42)
 I - a wand of quicksilver (5)
 Y - a wand of charming (15)
Scrolls
 m - 4 scrolls of silence
 p - a scroll of poison
 B - 12 scrolls of immolation
 D - 7 scrolls of fog
 R - 2 scrolls of amnesia
 S - 4 scrolls of enchant armour
 X - 12 scrolls of vulnerability
Potions
 i - 3 potions of might
 k - 5 potions of attraction
 l - 4 potions of ambrosia
 n - a potion of resistance
 r - 4 potions of mutation
 t - 5 potions of lignification
 u - 6 potions of enlightenment
 w - 3 potions of magic
 A - 5 potions of brilliance
Miscellaneous
 q - a sack of spiders (inert)
 z - a tin of tremorstones (inert)
 H - a lightning rod (4/4)
 J - a phial of floods
 Q - a phantom mirror


   Skills:
 - Level 18.0 Fighting
 - Level 18.0 Ranged Weapons
 - Level 18.0 Armour
 - Level 18.0 Dodging
 - Level 7.0 Stealth
 + Level 10.9 Spellcasting
 * Level 15.3 Summonings
 + Level 14.9 Translocations
 - Level 13.0 Evocations


You had 23 spell levels left.
You knew the following spells:

 Your Spells              Type           Power      Damage    Failure   Level
a - Apportation           Tloc           100%       N/A       1%          1
b - Blink                 Tloc           100%       N/A       1%          2
c - Passage of Golubria   Tloc           52%        N/A       1%          4
d - Malign Gateway        Summ/Tloc      26%        N/A       22%         7
f - Summon Forest         Summ/Tloc      26%        N/A       1%          5
g - Gell's Gravitas       Tloc           52%        N/A       1%          3

Your spell library contained the following spells:

 Spells                   Type           Power      Damage    Failure   Level
 Summon Small Mammal      Summ           100%       N/A       1%          1
 Call Imp                 Summ           100%       N/A       1%          2
 Lesser Beckoning         Tloc           100%       N/A       1%          2
 Momentum Strike          Conj/Tloc      60%        3d9       1%          2
 Call Canine Familiar     Summ           53%        N/A       1%          3
 Summon Ice Beast         Ice/Summ       31%        N/A       1%          3
 Teleport Other           Tloc           52%        N/A       1%          3
 Volatile Blastmotes      Fire/Tloc      60%        2d15      1%          3
 Manifold Assault         Tloc           52%        N/A       1%          4
 Summon Cactus Giant      Summ           26%        N/A       3%          6
 Dispersal                Tloc           26%        N/A       4%          6
 Animate Armour           Summ/Erth      62%        N/A       5%          4
 Martyr's Knell           Necr/Summ      31%        N/A       5%          4
 Summon Blazeheart Golem  Fire/Summ      31%        N/A       5%          4
 Summon Lightning Spire   Summ/Air       31%        N/A       5%          4
 Dimensional Bullseye     Hex/Tloc       15%        N/A       6%          4
 Iskenderun's Mystic Bla  Conj/Tloc      30%        2d8       6%          4
 Vhi's Electric Charge    Tloc/Air       60%        N/A       6%          4
 Foxfire                  Conj/Fire      32%        2x1d5     13%         1
 Kiss of Death            Conj/Necr      32%        2d7       13%         1
 Necrotise                Necr           32%        1d5       13%         1
 Sandblast                Erth           16%        2d6       13%         1
 Shock                    Conj/Air       32%        1d5       13%         1
 Slow                     Hex            32%        N/A       13%         1
 Sting                    Conj/Alch      32%        1d5       13%         1
 Summon Mana Viper        Hex/Summ       31%        N/A       14%         5
 Cigotuvi's Dreadful Rot  Necr/Alch/Air  16%        N/A       19%         2
 Mercury Vapours          Alch/Air       16%        N/A       19%         2
 Scorch                   Fire           16%        2d5       19%         2
 Static Discharge         Conj/Air       16%        3-4/arc   19%         2
 Sublimation of Blood     Necr           8%         N/A       19%         2
 Monstrous Menagerie      Summ           26%        N/A       19%         7
 Summon Hydra             Summ           26%        N/A       19%         7
 Confusing Touch          Hex            8%         N/A       36%         3
 Fugue of the Fallen      Necr           8%         N/A       36%         3
 Inner Flame              Hex/Fire       8%         N/A       36%         3
 Mephitic Cloud           Conj/Alch/Air  8%         N/A       36%         3
 Ozocubu's Armour         Ice            8%         N/A       36%         3
 Sigil of Binding         Hex            8%         N/A       36%         3
 Stone Arrow              Conj/Erth      16%        3d8       36%         3
 Swiftness                Air            8%         N/A       36%         3
 Tukima's Dance           Hex            8%         N/A       36%         3
 Vampiric Draining        Necr           8%         2d6       36%         3
 Airstrike                Air            4%         2d(1-17)  77%         4
 Anguish                  Hex/Necr       4%         N/A       77%         4
 Brom's Barrelling Bould  Conj/Erth      8%         2d3       77%         4
 Cause Fear               Hex            4%         N/A       77%         4
 Dispel Undead            Necr           8%         3d8       77%         4
 Flame Wave               Conj/Fire      8%         2d5       77%         4
 Fulminant Prism          Conj/Alch      4%         3d5       77%         4
 Ignite Poison            Fire/Alch      8%         N/A       77%         4
 Leda's Liquefaction      Alch/Erth      4%         N/A       77%         4
 Olgreb's Toxic Radiance  Alch           8%         N/A       77%         4
 Petrify                  Alch/Erth      8%         N/A       77%         4
 Sticky Flame             Fire/Alch      8%         2d4       77%         4
 Summon Horrible Things   Summ           26%        N/A       83%         8
 Disjunction              Tloc           26%        N/A       87%         8
 Alistair's Intoxication  Alch           5%         N/A       98%         5
 Arcjolt                  Conj/Air       4%         1d14      98%         5
 Borgnjor's Vile Clutch   Necr/Erth      4%         N/A       98%         5
 Curse of Agony           Necr           8%         N/A       98%         5
 Fireball                 Conj/Fire      4%         3d4       98%         5
 Freezing Cloud           Conj/Ice/Air   4%         6-21      98%         5
 Irradiate                Conj/Alch      4%         3d13      98%         5
 Iskenderun's Battlesphe  Conj           8%         2d6       98%         5
 Lee's Rapid Deconstruct  Erth           4%         3d5*      98%         5
 Silence                  Hex/Air        4%         N/A       98%         5
 Yara's Violent Unravell  Hex/Alch       4%         3d4       98%         5
 Haunt                    Necr/Summ      15%        N/A       99%         7
 Spellforged Servitor     Conj/Summ      15%        N/A       99%         7
 Bombard                  Conj/Erth      4%         9d2       100%        6
 Death Channel            Necr           4%         N/A       100%        6
 Eringya's Noxious Bog    Alch           4%         4d6       100%        6
 Sculpt Simulacrum        Ice/Alch       4%         N/A       100%        6
 Starburst                Conj/Fire      4%         6d3       100%        6
 Enfeeble                 Hex            4%         N/A       100%        7
 Orb of Destruction       Conj           4%         9d5       100%        7
 Ignition                 Fire           4%         3d4       100%        8
 Lehudib's Crystal Spear  Conj/Erth      4%         10d3      100%        8
 Chain Lightning          Conj/Air       4%         3d5       100%        9
 Dragon's Call            Summ           26%        N/A       100%        9
 Fire Storm               Conj/Fire      4%         8d1       100%        9
 Polar Vortex             Ice            4%         N/A       100%        9
 Shatter                  Erth           4%         3d7*      100%        9
 Animate Dead             Necr           Unusable   N/A       N/A         4

Dungeon Overview and Level Annotations

Branches:
Dungeon (15/15)            Temple (0/1) D:7            Lair (5/5) D:10
 Shoals (4/4) Lair:3        Snake (4/4) Lair:2        Slime (0/5) Lair:5
    Orc (2/2) D:9             Elf (3/3) Orc:2        Vaults (5/5) D:13
  Crypt (3/3) Vaults:2       Tomb (0/3) Crypt:3      Depths (4/4) D:15
   Hell (visited)             Zot (0/5) Depths:4      IceCv (visited)
Gauntlet (visited)
    Dis: Hell:1         Geh: Hell:1         Coc: Hell:1         Tar: Hell:1

Altars:
Ashenzari
Cheibriados
Dithmenos
Elyvilon
Fedhas
Gozag
Kikubaaqudgha
Nemelex Xobeh
Okawaru
Ru
Sif Muna
Uskayaw
Vehumet
The Shining One
Beogh

Shops:
D:3 (   D:8 :(?*[   D:15 !(   Orc:2 !*!*?   Elf:1 (   Elf:3 (   Shoals:1 =
Shoals:2 ?   Vaults:2 (   Vaults:3 *

Portals:
Hell: Depths:1 Depths:2 Depths:3 Depths:4
Abyss: Depths:2 Depths:3
Pandemonium: Depths:1 Depths:2
Ziggurat: Depths:1
Trove: D:15 (give 16 potions of curing)

Annotations:
Snake:1 FlatIsJustice's ghost, adept FoFi; Nidiz's ghost, adept HOCA
Elf:2 3 runed translucent doors
Vaults:1 exclusion: 3 doors, Boris
Crypt:1 2 runed translucent doors, Qyg Kex's ghost, adept OpEE
Crypt:2 2 transporters, Konar's ghost, master CoHu
Crypt:3 exclusion: 3 doors
Hell Geryon


Innate Abilities, Weirdness & Mutations

You are a tree.
Your roots penetrate the ground, keeping you stationary.
You cannot be teleported.
You are immune to unholy pain and torment.
Your maximum health is greatly increased.
Your equipment is partially melded.
You can wield a second weapon in your off-hand.
It takes a long time for you to wield or remove held weapons.
Your first few attacks do less damage.
((You cannot equip rings or amulets.))
You are agile. (Dex +4, Str/Int -1)
((Your flesh is cold resistant. (rC+)))
Your magical capacity is low. (-10% MP)


Message History

The frost giant is empowered by the deep elf high priest's aura!
The vault warden is empowered by the deep elf high priest's aura!
The fire giant is empowered by the deep elf high priest's aura!
The vault guard hits you but does no damage.
The fire giant hits you but does no damage.
The stone giant hits you!!
* * * LOW HITPOINT WARNING * * *
The storm dragon bites you but does no damage.
The storm dragon claws you but does no damage.
The storm dragon tramples you but does no damage.
The ettin completely misses you. The ettin hits you but does no damage.
Unknown command.
Unknown command.
Unknown command.
As you read the scroll of torment, it crumbles to dust.
You feel a surge of unholy energy.
The storm dragon convulses!
The vault guard convulses! x3; The stone giant convulses!
The ettin convulses!
The fire giant convulses!
The frost giant convulses!
The vault guard convulses!
The stone giant convulses!
The storm dragon convulses!
The deep elf high priest convulses!
The vault guard convulses!
The vault warden convulses!
You flicker back into view.
The deep elf high priest shoots an arrow.
The arrow hits you but does no damage.
The vault guard hits you but does no damage.
The storm dragon bites you but does no damage.
The storm dragon claws you.
* * * LOW HITPOINT WARNING * * *
The storm dragon tramples you but does no damage.
Unknown command.
Unknown command.
Okay, then.
You feel better.
The fire giant hits you with a +1 great sword of flaming!
* * * LOW HITPOINT WARNING * * *
The fire giant burns you.
* * * LOW HITPOINT WARNING * * *
The stone giant hits you!
You die...
Your body crumbles into a pile of gold.

p# . #....#..#..###$..(.=
e# #....♣..p....#......
..# #....#..p....#.#.#.#
..# ♣)...#.♣#...p.......
... #....#..#.pp$..$....
...#
##♣#♣§~..#.p###..#.#.#.#
....
....#~§§§♣Cp./..........
.....
.♣~~~§pCpCp............
######
####..Cp♣Dp.#############
p.....§CDCC).....
......§p§ep......
......<§§<~.......
......pC<.........
##♣♣.....W..♣♣♣###
.p..........p#
.....♣....♣p.#
###..#....##...


You could see 2 storm dragons, a frost giant (empowered), a fire giant
(empowered), 2 stone giants, a vault warden (empowered), 5 vault guards, an
ettin and a deep elf high priest (brilliance aura).

Vanquished Creatures
  A dread lich (Vaults:5)
  Mara (Elf:3)
  Josephina (Depths:3)
  Xtahua (Depths:4)
  Vv (Depths:3)
  Sojobo (Crypt:1)
  Margery (Depths:3)
  A curse toe (Crypt:3)
  4 golden dragons
  Nikola (Vaults:2)
  Jory (Vaults:5)
  Norris (Depths:3)
  2 bone dragons
  3 tentacled monstrosities
  5 liches
  A walking crystal tome (Depths:2)
  Asterion (Vaults:1)
  3 quicksilver dragons
  A searing wretch (Depths:3)
  A walking divine tome (Depths:3)
  2 deep elf master archers (Elf:3)
  A walking frostbound tome (Depths:4)
  2 titans (Vaults:5)
  A kraken (Shoals:3)
  3 tentacled starspawn (Abyss:3)
  2 deep elf blademasters (Elf:3)
  An Executioner (Abyss:3)
  Polyphemus (Shoals:4)
  3 ancient champions
  4 sphinxes
  An eldritch tentacle (Abyss:3)
  3 shadow dragons
  Kirke (D:14)
  Roxanne (Snake:4)
  10 tengu reavers
  A storm dragon (Depths:4)
  2 nagarajas
  A rockslime (IceCv)
  4 revenants
  2 daevas
  9 frost giants
  3 azure jellies (IceCv)
  4 fire giants
  9 deep elf sorcerers
  A draconian shifter (Depths:4)
  Louise (Elf:1)
  9 vault wardens
  A draconian scorcher (Depths:4)
  3 deep elf elementalists (Elf:3)
  4 orc warlords
  An angel (Depths:1)
  2 balrugs (Depths:2)
  2 curse skulls (Crypt:1)
  17 stone giants
  20 ironbound preservers
  A reaper (Crypt:3)
  4 formless jellyfish
  A spriggan defender (Depths:2)
  8 very ugly things
  An ironbound thunderhulk (Vaults:2)
  5 quicksilver oozes (IceCv)
  7 deep elf demonologists
  8 vampire knights
  11 dire elephants
  Azrael (Elf:1)
  8 deep elf death magi
  A rockslime zombie (Crypt:3)
  A red draconian (Depths:4)
  A minotaur (Gauntlet)
  A green draconian (Depths:4)
  A black draconian (Depths:4)
  11 deep elf annihilators (Elf:3)
  5 war gargoyles
  A yellow draconian (Depths:4)
  3 white draconians (Depths:4)
  A spark wasp (Depths:2)
  12 ettins
  9 jiangshi
  A crystal guardian (Vaults:3)
  A quicksilver dragon zombie (Crypt:3)
  5 eidola
  A green death (Depths:1)
  8 deep elf high priests
  7 fire dragons
  5 merfolk impalers
  3 merfolk javelineers (Shoals:4)
  2 salamander tyrants (Snake:4)
  10 yaktaur captains
  21 vault guards
  3 rakshasas
  3 peacekeepers
  10 ice dragons
  6 hydras
  4 death knights
  6 ironbound frosthearts
  2 great orbs of eyes
  4 alligator snapping turtles
  2 ogre magi
  2 catoblepae
  2 merfolk avatars
  A juggernaut simulacrum (Depths:1)
  5 spriggan air magi
  13 anacondas
  10 centaur warriors
  11 dancing weapons
  2 spriggan skeletons
  2 two-headed ogres
  A sphinx skeleton (Depths:3)
  A satyr (Shoals:4)
  8 deep troll shamans
  2 merfolk aquamancers (Shoals:4)
  11 death yaks
  3 boulder beetles
  5 orc high priests
  2 tengu warriors
  5 deep troll earth magi
  A thrashing horror (Abyss:3)
  5 shock serpents
  16 naga sharpshooters
  8 naga warriors
  Urug (D:10)
  2 soul eaters
  9 occultists
  A spriggan berserker (Depths:2)
  12 hell knights
  4 vampire magi
  2 sun demons (Depths:1)
  2 fire crabs
  8 iron trolls
  8 skysharks
  10 deep elf knights
  The ghost of Turgor the Mimic, a novice DrSh of Ru (D:9)
  3 shadow wraiths
  2 sixfirhies
  15 skeletal warriors
  A golden dragon zombie (Depths:1)
  7 salamander mystics (Snake:4)
  18 sea snakes
  A ghost moth zombie (Crypt:1)
  A swamp dragon (shapeshifter) (Vaults:5)
  4 glowing orange brains
  77 deep trolls
  9 mana vipers
  A spriggan simulacrum (Depths:3)
  9 arcanists
  A glowing orange brain (shapeshifter) (Vaults:5)
  A bunyip zombie (Crypt:3)
  A sun moth (D:12)
  5 flayed ghosts
  A sun moth (shapeshifter) (Depths:1)
  16 deep elf archers
  3 naga ritualists
  A bunyip skeleton (Crypt:1)
  19 ironbound convokers
  6 lindwurms
  4 thermic dynamos
  9 phantasmal warriors
  23 deep elf zephyrmancers
  2 orange crystal statues (IceCv)
  9 necromancers
  30 harpies
  9 orc knights
  A sea snake (shapeshifter) (Depths:3)
  25 deep elf pyromancers
  2 human zombies (Vaults:3)
  8 fauns (Shoals:1)
  33 ugly things
  15 cyclopes
  5 oklob plants
  4 orc sorcerers
  16 manticores
  2 shining eyes (Abyss:3)
  A faun (shapeshifter) (Vaults:4)
  A moth of wrath (D:9)
  2 stone giant zombies
  15 salamanders
  3 meliai (D:13)
  A shadow dragon skeleton (Depths:3)
  An apocalypse crab (Abyss:3)
  2 frost giant skeletons
  A torpor snail (Lair:3)
  18 vault sentinels
  34 black mambas
  3 water nymphs
  8 merfolk sirens
  24 elephants
  5 guardian serpents
  A fire giant skeleton (Depths:1)
  A molten gargoyle (Gauntlet)
  12 large abominations
  A kobold blastminer (Orc:2)
  10 naga magi
  2 gargoyles
  9 cane toads
  A cane toad (shapeshifter) (Elf:2)
  6 rime drakes
  A dire elephant skeleton (Crypt:3)
  4 komodo dragons
  A storm dragon simulacrum (Depths:3)
  2 yaktaur skeletons (Vaults:3)
  2 yaktaur zombies (Vaults:3)
  2 freezing wraiths (Crypt:1)
  3 minotaur zombies
  2 unseen horrors
  36 yaktaurs
  A spark wasp simulacrum (Depths:3)
  An orb spider zombie (Crypt:2)
  An efreet (D:15)
  4 kobold demonologists
  A purple draconian skeleton (Crypt:3)
  5 guardian mummies (Crypt:3)
  11 polar bears
  5 hornets
  2 tengu simulacra (Depths:3)
  A polar bear (shapeshifter) (D:13)
  3 wind drakes
  4 trolls
  27 merfolk
  A sun moth zombie (Crypt:1)
  Grinder (D:3)
  An elf simulacrum (Vaults:3)
  17 blink frogs
  6 raiju (Abyss:3)
  3 harpy skeletons
  A spriggan zombie (Depths:1)
  A fire giant simulacrum (Depths:3)
  A snapping turtle (shapeshifter) (Depths:2)
  3 glass eyes
  8 snapping turtles
  15 dream sheep
  An iron dragon simulacrum (Crypt:1)
  22 slime creatures
  A spriggan (shapeshifter) (Elf:3)
  Sigmund (D:2)
  2 centaur simulacra
  2 air elementals (Elf:2)
  6 wraiths
  70 yaks
  A ynoxinul (Abyss:3)
  14 spriggans
  An elf skeleton (Vaults:3)
  A warg (Orc:2)
  7 wyverns
  4 hogs (D:14)
  6 starcursed masses (Abyss:3)
  16 water elementals
  5 fire elementals
  7 basilisks
  A basilisk (shapeshifter) (Elf:3)
  A redback simulacrum (Gauntlet)
  10 vampire mosquitoes
  3 chaos spawn
  A redback (D:9)
  Edmund (D:4)
  A demonspawn zombie (Crypt:2)
  27 nagas
  A human simulacrum (Vaults:3)
  2 acid dragons
  3 hell hounds
  7 great orb of eyes simulacra (IceCv)
  20 water moccasins
  A sky beast (D:7)
  An ettin simulacrum (Vaults:3)
  A meliai simulacrum (D:15)
  21 orc warriors
  18 laughing skulls
  5 black bears
  5 boggarts
  2 crocodiles (shapeshifter)
  8 ogres
  An elephant zombie (Crypt:1)
  46 wolves
  12 centaurs
  A rime drake zombie (Crypt:1)
  4 slime creature simulacra (IceCv)
  6 kobold brigands
  17 bullfrogs
  A fire crab zombie (Crypt:2)
  2 earth elementals (Elf:1)
  A gnoll sergeant (D:7)
  A scorpion (D:6)
  2 rime drake skeletons (Crypt:2)
  5 glowing shapeshifter simulacra
  A two-headed ogre simulacrum (Crypt:3)
  5 small abominations
  9 wights
  A hornet simulacrum (Vaults:1)
  A cyclops skeleton (Crypt:2)
  3 killer bees (D:9)
  3 bombardier beetles
  2 howler monkeys
  6 electric eels
  4 crimson imps
  A wolf skeleton (Crypt:1)
  A lava snake (Lair:4)
  2 hounds
  40 orc priests
  A sleepcap (D:8)
  A jelly (D:5)
  2 gnoll boudas
  Terence (D:3)
  A centaur skeleton (Crypt:3)
  7 iguanas
  40 orc wizards
  10 hell rats
  A boggart skeleton (Crypt:2)
  An ogre zombie (Crypt:1)
  A naga skeleton (Crypt:2)
  7 mummies (Crypt:3)
  Robin (D:2)
  9 adders
  14 gnolls
  A shadow imp (D:7)
  4 white imps
  2 ufetubi (Abyss:3)
  A dart slug (D:1)
  2 ribbon worms
  74 orcs
  9 bats
  6 endoplasms
  3 giant cockroaches
  14 goblins
  10 hobgoblins
  7 jackals
  7 kobolds
  6 quokkas
  10 ball pythons
  A frilled lizard (D:3)
  A frilled lizard skeleton (Crypt:3)
  A giant cockroach zombie (Crypt:3)
  A goblin skeleton (Crypt:1)
  A hobgoblin skeleton (Crypt:3)
  6 rats
  4 starspawn tentacles (Abyss:3)
  5 tentacles (Shoals:3)
2042 creatures vanquished.

Vanquished Creatures (collateral kills)
  Mennas (Crypt:1)
  A shadow dragon (Vaults:5)
  A nagaraja (Snake:2)
  A deep elf sorcerer (Elf:3)
  A deep elf annihilator (Elf:1)
  A merfolk impaler (Shoals:4)
  A vault guard (D:13)
  An anaconda (Snake:3)
  An ironbound frostheart (Vaults:4)
  A boulder beetle (D:13)
  A merfolk aquamancer (Shoals:4)
  A merfolk avatar (Shoals:4)
  A sun demon (D:13)
  A sea snake (Shoals:4)
  An iron troll (Depths:3)
  A skeletal warrior (Crypt:1)
  A deep troll (Vaults:1)
  An orc knight (Vaults:4)
  An ugly thing (Elf:1)
  A faun (Shoals:1)
  2 manticores (Shoals:4)
  11 elephants
  A merfolk siren (Shoals:4)
  An ice devil (D:13)
  A wind drake (Shoals:1)
  3 snapping turtles
  3 blink frogs (Lair:3)
  A fire elemental (Elf:1)
  A starcursed mass (Abyss:3)
  2 white imps (D:13)
  4 kobolds (D:10)
  A starspawn tentacle (Abyss:3)
51 creatures vanquished.

Vanquished Creatures (others)
  A fire giant (Depths:2)
  A vault warden (Vaults:2)
  An ironbound preserver (Vaults:3)
  An anaconda (Snake:3)
  2 deep trolls (Depths:3)
  An ugly thing (Vaults:3)
  2 black mambas
  A gargoyle (Gauntlet)
  A rime drake (Abyss:3)
  A hornet (Lair:5)
  An elf zombie (Elf:3)
  A small abomination (Abyss:3)
  3 killer bees (D:10)
  A starcursed mass (Abyss:3)
  3 starspawn tentacles (Abyss:3)
  12 tentacles (Shoals:3)
33 creatures vanquished.

Grand Total: 2126 creatures vanquished

Notes
Turn   | Place    | Note
-------+----------+-------------------------------------------
     0 | D:1      | Turgor the Coglin Hunter began the quest for the Orb.
     0 | D:1      | Reached XP level 1. HP: 16/16 MP: 1/1
   115 | D:1      | Reached XP level 2. HP: 22/22 MP: 2/2
   236 | D:1      | Found a faded altar of an unknown god.
   246 | D:1      | Prayed at the altar of an unknown god.
   246 | D:1      | Became a worshipper of Sif Muna the Loreminder
   246 | D:1      | Reached * piety under Sif Muna
   492 | D:1      | Reached XP level 3. HP: 28/28 MP: 3/3
   660 | D:2      | Noticed Sigmund
   670 | D:2      | Killed Sigmund
   671 | D:2      | Reached skill level 5 in Ranged Weapons
   671 | D:2      | Reached XP level 4. HP: 15/37 MP: 4/4
   671 | D:2      | Reached XP level 5. HP: 17/42 MP: 5/5
   822 | D:2      | Noticed Robin
   825 | D:2      | Killed Robin
   826 | D:2      | Reached XP level 6. HP: 48/48 MP: 6/6
   827 | D:2      | Reached ** piety under Sif Muna
  1374 | D:3      | Found Laful's Antique Weapon Shop.
  1726 | D:3      | Noticed Grinder
  1829 | D:3      | Paralysed by Grinder for 2 turns
  1836 | D:3      | Killed Grinder
  1837 | D:3      | Reached XP level 7. HP: 55/55 MP: 7/7
  1949 | D:3      | Noticed Terence
  1960 | D:3      | Reached skill level 5 in Fighting
  1962 | D:3      | Killed Terence
  1973 | D:3      | Reached *** piety under Sif Muna
  2039 | D:3      | Found a blossoming altar of Fedhas.
  2404 | D:4      | Found a snail-covered altar of Cheibriados.
  2543 | D:4      | Noticed Edmund
  3001 | D:5      | Entered Level 5 of the Dungeon
  3059 | D:5      | Reached XP level 8. HP: 63/63 MP: 8/8
  3286 | D:5      | Found an opulent altar of Gozag.
  3286 | D:5      | Found a sparkling altar of Nemelex Xobeh.
  3940 | D:6      | Found a sacrificial altar of Ru.
  4021 | D:6      | Reached **** piety under Sif Muna
  4133 | D:6      | Found a shadowy altar of Dithmenos.
  4204 | D:6      | Reached XP level 9. HP: 63/71 MP: 9/9
  4333 | D:6      | Found a white marble altar of Elyvilon.
  4812 | D:7      | Reached skill level 10 in Ranged Weapons
  4858 | D:7      | Found a hide-covered altar of Uskayaw.
  4918 | D:7      | Found an iron altar of Okawaru.
  5243 | D:7      | Found a staircase to the Ecumenical Temple.
  5373 | D:8      | Found Mashich's Magic Scroll Boutique.
  5376 | D:8      | Identified a scroll of acquirement
  5376 | D:8      | Acquired the +4 pair of boots "Enudytha" {Dex+6}
  5391 | D:8      | Bought a scroll of identify for 26 gold pieces
  5391 | D:8      | Bought a scroll of teleportation for 39 gold pieces
  5391 | D:8      | Bought a scroll of teleportation for 39 gold pieces
  5397 | D:8      | Learned a level 3 spell: Gell's Gravitas
  5399 | D:8      | Found Ybbuunk's Weapon Emporium.
  5522 | D:8      | Found Egukoedi's Armour Shoppe.
  5528 | D:8      | Bought a +1 helmet of see invisible for 214 gold pieces
  5682 | D:8      | Found Evolufoc's General Store.
  5690 | D:8      | Bought a scroll of identify for 26 gold pieces
  5835 | D:8      | Found Ecraon's Book Shop.
  5962 | D:9      | Reached XP level 10. HP: 80/80 MP: 10/10
  5971 | D:9      | Found a staircase to the Orcish Mines.
  6002 | D:9      | Noticed a kobold demonologist
  6003 | D:9      | Noticed a kobold demonologist
  6008 | D:9      | Killed a kobold demonologist
  6011 | D:9      | Noticed a kobold demonologist
  6016 | D:9      | Killed a kobold demonologist
  6024 | D:9      | Killed a kobold demonologist
  6513 | D:9      | Found a transporter.
  6516 | D:9      | Noticed Turgor's ghost (novice DrSh)
  6534 | D:9      | Found a transporter.
  6543 | D:9      | Noticed a moth of wrath
  6579 | D:9      | Reached ***** piety under Sif Muna
  6656 | D:9      | Reached XP level 11. HP: 90/90 MP: 11/11
  6744 | D:9      | Found a broken altar of Ashenzari.
  6812 | D:9      | Found a roughly hewn altar of Beogh.
  6827 | D:10     | Entered Level 10 of the Dungeon
  6835 | D:10     | Reached skill level 10 in Fighting
  6898 | D:10     | Noticed a two-headed ogre
  6904 | D:10     | Killed a two-headed ogre
  6983 | D:10     | Noticed Urug
  7116 | D:10     | Received a gift from Sif Muna
  7117 | D:10     | Got Porac's Compilation of Doom and Rot {god gift}
  7211 | D:10     | Found a staircase to the Lair.
  7385 | D:10     | Identified the +0 ring mail of the Invisible Hand {Fly}
  7576 | D:10     | Killed Urug
  7948 | D:11     | Noticed a manticore
  7954 | D:11     | Killed a manticore
  8285 | D:11     | Found the +7 Kryia's mail coat {PotionHeal*2 rC+}
  8757 | D:12     | Noticed a cyclops
  8764 | D:12     | Killed a cyclops
  8765 | D:12     | Reached skill level 1 in Armour
  8887 | D:12     | Reached XP level 12. HP: 100/100 MP: 12/12
  8920 | D:12     | Learned a level 5 spell: Summon Forest
  9121 | D:12     | You fall into a shaft and drop 2 floors!
  9225 | D:14     | Noticed a catoblepas
  9247 | D:14     | Noticed a centaur warrior
  9585 | D:12     | Noticed Nessos
  9586 | D:12     | Nessos changed into Nessos the sun moth
  9586 | D:12     | Noticed Nessos
  9597 | D:12     | Killed Nessos the sun moth
  9922 | D:13     | Found a gate to the Vaults.
  9922 | D:13     | Noticed a boulder beetle
  9922 | D:13     | Noticed a vault guard
  9922 | D:13     | Noticed a vault guard
  9922 | D:13     | Noticed a vault guard
  9922 | D:13     | Noticed a vault guard
  9922 | D:13     | Noticed a five-headed hydra
  9922 | D:13     | Noticed a boulder beetle
  9935 | D:13     | Killed a vault guard
  9936 | D:13     | Reached skill level 1 in Evocations
  9949 | D:12     | Killed a vault guard
  9950 | D:12     | Reached skill level 5 in Armour
  9990 | Lair:1   | Entered Level 1 of the Lair of Beasts
 10737 | Lair:1   | Reached skill level 5 in Dodging
 10824 | Lair:1   | Reached XP level 13. HP: 106/106 MP: 13/13
 11472 | Lair:2   | Received a gift from Sif Muna
 11473 | Lair:2   | Reached skill level 5 in Evocations
 11473 | Lair:2   | Got Sif Muna's Incunable of Maleficia and Points {god gift}
 11476 | Lair:2   | Learned a level 1 spell: Apportation
 11479 | Lair:2   | Learned a level 2 spell: Blink
 11691 | Lair:2   | Found a staircase to the Snake Pit.
 12205 | Lair:3   | Found a staircase to the Shoals.
 12979 | Lair:3   | Reached XP level 14. HP: 64/113 MP: 14/14
 12989 | Lair:3   | Acquired an articulated booster {rF+ rC+ Regen+ RegenMP+}
 13809 | Lair:4   | Identified the +1 trident of Xemita {heavy, rF+ Will+}
 13918 | Lair:4   | Received a gift from Sif Muna
 13919 | Lair:4   | Got Sif Muna's Elucidation of the Tesseract and Adjuration
                  | {god gift}
 14260 | Lair:4   | Reached skill level 10 in Armour
 14345 | Lair:4   | You fall into a shaft and drop 1 floor!
 14345 | Lair:5   | Entered Level 5 of the Lair of Beasts
 14417 | Lair:5   | Found a gate leading to a gauntlet.
 14426 | Gauntlet | Entered a Gauntlet
 14426 | Gauntlet | Found a transporter.
 14426 | Gauntlet | Found a transporter.
 14426 | Gauntlet | Found a transporter.
 14430 | Gauntlet | Found a transporter.
 14431 | Gauntlet | Found a transporter.
 14434 | Gauntlet | Noticed a quicksilver ooze
 14439 | Gauntlet | Found a transporter.
 14446 | Gauntlet | Found a transporter.
 14450 | Gauntlet | Found a transporter.
 14461 | Gauntlet | Found a transporter.
 14461 | Gauntlet | Found a transporter.
 14472 | Gauntlet | Found a transporter.
 14611 | Gauntlet | Found a transporter.
 14654 | Gauntlet | Identified the +8 hand axe of the Realm of Zot {protect,
                  | *Noise rF++ Will+}
 14996 | Lair:4   | Reached skill level 10 in Dodging
 15019 | Lair:4   | Identified the +5 dagger "Rintaal" {speed, Will+ Str+3
                  | Dex+3 Stlth+}
 15422 | Lair:5   | Received a gift from Sif Muna
 15423 | Lair:5   | Got Sif Muna's Incunable of Incinerated Composition {god
                  | gift}
 15545 | Lair:5   | Found a staircase to the Slime Pits.
 15717 | Lair:5   | Reached skill level 10 in Evocations
 15736 | Lair:5   | Reached XP level 15. HP: 110/119 MP: 15/15
 15738 | Lair:5   | Noticed Sonja
 15739 | Lair:5   | Sonja changed into Sonja the wyvern
 15739 | Lair:5   | Noticed Sonja
 15741 | Lair:5   | Killed Sonja the wyvern
 16362 | Lair:5   | Received a gift from Sif Muna
 16363 | Lair:5   | Got Sif Muna's Spellbook of the Fulgent Solution {god gift}
 17107 | D:4      | Killed Edmund
 17207 | D:8      | Bought a scroll of blinking for 97 gold pieces
 17222 | D:8      | Bought a scroll of enchant weapon for 97 gold pieces
 17373 | D:9      | Killed Turgor's ghost
 17416 | D:9      | Identified the +1 leather armour "Vapeini" {Regen+}
 17720 | D:13     | Acquired 1097 gold pieces
 18607 | D:14     | Noticed Kirke
 18614 | D:14     | Killed Kirke
 18615 | D:14     | Reached XP level 16. HP: 126/126 MP: 16/16
 18866 | D:15     | Entered Level 15 of the Dungeon
 18979 | D:15     | Found Zaixadiac's Weapon Shoppe.
 18981 | D:15     | Found Poel's Distillery.
 18988 | D:15     | Bought a potion of degeneration for 15 gold pieces
 18989 | D:15     | Bought a potion of curing for 45 gold pieces
 18989 | D:15     | Bought a potion of heal wounds for 75 gold pieces
 19233 | D:15     | Found a glowing golden altar of the Shining One.
 19540 | D:15     | Found a portal to a secret trove of treasure.
 19767 | Orc:1    | Entered Level 1 of the Orcish Mines
 19863 | Orc:1    | Found a roughly hewn altar of Beogh.
 19886 | Orc:1    | Found a roughly hewn altar of Beogh.
 19895 | Orc:1    | Paralysed by an orc sorcerer for 2 turns
 20232 | Orc:2    | Entered Level 2 of the Orcish Mines
 20239 | Orc:2    | Found a staircase to the Elven Halls.
 20485 | Orc:2    | Found Pigeon's Magic Scroll Emporium.
 20546 | Orc:2    | Received a gift from Sif Muna
 20551 | Orc:2    | Got Sif Muna's Atlas of Polytheism {god gift}
 20807 | Orc:2    | Paralysed by an orc sorcerer for 3 turns
 21097 | Orc:2    | Found Focvuvele's General Store.
 21097 | Orc:2    | Found Huyng's Assorted Antiques.
 21098 | Orc:2    | Found Rofyxked's Distillery.
 21102 | Orc:2    | Found Cexeog's Distillery.
 21112 | Orc:2    | Bought a potion of heal wounds for 70 gold pieces
 21112 | Orc:2    | Bought a potion of curing for 42 gold pieces
 21112 | Orc:2    | Bought a potion of haste for 140 gold pieces
 21112 | Orc:2    | Bought a potion of heal wounds for 70 gold pieces
 21112 | Orc:2    | Bought a potion of enlightenment for 70 gold pieces
 21114 | Orc:2    | Bought a potion of haste for 130 gold pieces
 21114 | Orc:2    | Bought a potion of heal wounds for 65 gold pieces
 21114 | Orc:2    | Bought a potion of heal wounds for 65 gold pieces
 21114 | Orc:2    | Bought a potion of curing for 39 gold pieces
 21544 | Shoals:1 | Entered Level 1 of the Shoals
 21614 | Snake:1  | Entered Level 1 of the Snake Pit
 21739 | Snake:1  | Reached skill level 1 in Summonings
 21740 | Snake:1  | Reached skill level 1 in Translocations
 21853 | Snake:1  | Received a gift from Sif Muna
 22102 | Snake:1  | Found a runed translucent gate.
 22103 | Snake:1  | Found a runed translucent gate.
 22105 | Snake:1  | Found a runed translucent gate.
 22109 | Snake:1  | Noticed FlatIsJustice's ghost (adept FoFi)
 22109 | Snake:1  | Noticed Nidiz's ghost (adept HOCA)
 22187 | Snake:2  | Reached skill level 1 in Spellcasting
 22615 | Snake:2  | Noticed a nagaraja
 22625 | Snake:2  | Killed a nagaraja
 22711 | Snake:2  | Reached skill level 5 in Translocations
 23287 | Snake:3  | Noticed a nagaraja
 23293 | Snake:3  | Reached XP level 17. HP: 133/133 MP: 20/22
 23377 | Snake:1  | Identified the +3 cloak of Sin {Int+2} (You found it on
                  | level 1 of the Snake Pit)
 23498 | Snake:3  | Received a gift from Sif Muna
 23499 | Snake:3  | Got Sif Muna's Parchment of Unstable Generation {god gift}
 23505 | Snake:3  | Learned a level 4 spell: Passage of Golubria
 23513 | Snake:3  | Learned a level 7 spell: Malign Gateway
 24309 | Snake:4  | Entered Level 4 of the Snake Pit
 24309 | Snake:4  | Noticed Roxanne
 24870 | Snake:4  | Reached skill level 15 in Ranged Weapons
 25128 | Snake:4  | Reached ****** piety under Sif Muna
 25388 | Snake:4  | Killed Roxanne
 25571 | Snake:4  | Reached skill level 5 in Spellcasting
 26448 | Snake:4  | Reached XP level 18. HP: 125/142 MP: 26/26
 26466 | Snake:4  | Got a serpentine rune of Zot
 26817 | Shoals:1 | Received a gift from Sif Muna
 26818 | Shoals:1 | Got Sif Muna's Verses on Protean Subspace {god gift}
 26927 | Shoals:1 | Found Beaqucs's One-of-a-Kind Rings.
 27774 | Shoals:2 | Reached skill level 5 in Summonings
 28136 | Shoals:2 | Found a transporter.
 28171 | Shoals:2 | Found Tuupn's Magic Scroll Emporium.
 28173 | Shoals:2 | Found a transporter.
 28178 | Shoals:2 | Bought a scroll of teleportation for 36 gold pieces
 28178 | Shoals:2 | Bought a scroll of blinking for 90 gold pieces
 28178 | Shoals:2 | Bought a scroll of teleportation for 36 gold pieces
 28813 | Shoals:3 | Received a gift from Sif Muna
 28814 | Shoals:3 | Got Dycexik's Collected Works on Fumes and Coordinates {god
                  | gift}
 28923 | Shoals:3 | Reached skill level 1 in Stealth
 29229 | Shoals:4 | Entered Level 4 of the Shoals
 29363 | Shoals:4 | Got a barnacled rune of Zot
 29853 | Shoals:4 | Reached XP level 19. HP: 139/150 MP: 28/28
 29965 | Shoals:4 | Identified the +5 flail "Wapoit" {vamp, rPois Str+3}
 30284 | Shoals:4 | Identified the +1 leather armour of the Healing Gods {rC+}
 30404 | Shoals:4 | Noticed Polyphemus
 30416 | Shoals:4 | Killed Polyphemus
 30429 | Shoals:4 | Received a gift from Sif Muna
 30439 | Shoals:4 | Got Sif Muna's Papyrus of Force {god gift}
 30741 | Vaults:1 | Entered Level 1 of the Vaults
 30937 | Vaults:1 | Noticed Asterion
 30953 | Vaults:1 | Killed Asterion
 31469 | Vaults:1 | Identified the +4 robe of Pantheism {rN+ Int+3 Dex+3}
 31469 | Vaults:1 | Noticed Boris
 32186 | Vaults:1 | Got Qazueg's Willworking, Part Five
 32379 | Vaults:2 | Identified the +0 pair of gloves of Bad Feelings {Dex+3}
 32379 | Vaults:2 | Noticed Nikola
 32391 | Vaults:2 | Killed Nikola
 32392 | Vaults:2 | Reached skill level 5 in Stealth
 32493 | Vaults:2 | Reached skill level 15 in Dodging
 32599 | Vaults:2 | Received a gift from Sif Muna
 32615 | Vaults:2 | Got Xoavem's Spellbook of Stony Fumes {god gift}
 32766 | Vaults:2 | Found a staircase to the Crypt.
 32865 | Vaults:2 | Reached XP level 20. HP: 160/160 MP: 29/29
 32913 | Vaults:2 | Found Surit's Weapon Shop.
 34180 | Vaults:3 | Reached skill level 15 in Armour
 34181 | Vaults:3 | Received a gift from Sif Muna
 34358 | Vaults:3 | Reached skill level 15 in Fighting
 35253 | Vaults:3 | Got Sif Muna's Encyclopedia of Death and Metal {god gift}
 35260 | Vaults:3 | Found Ozuy's Assorted Antiques.
 35268 | Vaults:3 | Bought a scroll of blinking for 315 gold pieces
 35446 | Vaults:4 | Received a gift from Sif Muna
 35459 | Vaults:4 | Got Sif Muna's Book of the Many Ziggurats {god gift}
 35639 | Vaults:4 | Reached XP level 21. HP: 168/168 MP: 31/31
 35651 | Vaults:4 | Reached skill level 10 in Translocations
 35729 | Vaults:4 | Gained mutation: You have a pair of small horns on your
                  | head. [potion of mutation]
 35729 | Vaults:4 | Gained mutation: You are robust. (+10% HP) [potion of
                  | mutation]
 35729 | Vaults:4 | Gained mutation: You are very robust. (+20% HP) [potion of
                  | mutation]
 35841 | Vaults:4 | Lost mutation: You have a pair of small horns on your head.
                  | [potion of mutation]
 35841 | Vaults:4 | Lost mutation: You are very robust. (+20% HP) [potion of
                  | mutation]
 35841 | Vaults:4 | Lost mutation: You are robust. (+10% HP) [potion of
                  | mutation]
 35841 | Vaults:4 | Gained mutation: Your magical capacity is low. (-10% MP)
                  | [potion of mutation]
 35841 | Vaults:4 | Gained mutation: Your flesh is cold resistant. (rC+)
                  | [potion of mutation]
 35841 | Vaults:4 | Gained mutation: You are agile. (Dex +4, Str/Int -1)
                  | [potion of mutation]
 36784 | Vaults:4 | Upgraded the game from 0.32-a0-705-g60f233581c to
                  | 0.32-a0-711-g016ad743e0
 37017 | Elf:1    | Entered Level 1 of the Elven Halls
 37036 | Elf:1    | Found a radiant altar of Vehumet.
 37037 | Elf:1    | Noticed Louise
 37064 | Elf:1    | Killed Louise
 37139 | Elf:1    | Found a glacial archway.
 37150 | IceCv    | Entered an ice cave
 37262 | IceCv    | Received a gift from Sif Muna
 37267 | IceCv    | Got Sif Muna's Grimoire of Cold Darkness {god gift}
 37287 | IceCv    | Found a viscous altar of Jiyva.
 37616 | Elf:1    | Noticed Azrael
 37619 | Elf:1    | Killed Azrael
 37697 | Elf:1    | Found Vuezetem's Weapon Boutique.
 37885 | Elf:1    | Got the Folio of Assembling
 38275 | Elf:2    | Paralysed by an air elemental for 1 turns
 38318 | Elf:2    | Reached XP level 22. HP: 140/179 MP: 29/29
 38366 | Elf:2    | Found a flickering gateway to a bazaar.
 38375 | Bazaar   | Entered a bazaar
 38394 | Bazaar   | Found Geohudin's General Store.
 38394 | Bazaar   | Found Cuikhyrch's Assorted Antiques.
 38434 | Bazaar   | Found Toofear's Magic Scroll Shoppe.
 38450 | Bazaar   | Found Wugogag's Book Emporium.
 38450 | Bazaar   | Found Hiagg's Antique Armour Shoppe.
 38461 | Bazaar   | Bought a pair of embroidered gloves for 142 gold pieces
 38514 | Bazaar   | Bought a scroll of summoning for 85 gold pieces
 38514 | Bazaar   | Bought a scroll of teleportation for 27 gold pieces
 38548 | Bazaar   | Bought a potion of curing for 24 gold pieces
 38548 | Bazaar   | Bought a scroll of torment for 76 gold pieces
 38548 | Bazaar   | Bought a scroll of fog for 32 gold pieces
 38706 | Elf:2    | Found a runed translucent gate.
 38707 | Elf:2    | Found a runed translucent gate.
 38707 | Elf:2    | Found a runed translucent gate.
 39005 | Elf:3    | Entered Level 3 of the Elven Halls
 39005 | Elf:3    | Found Yxzas's Antique Weapon Boutique.
 39036 | Elf:3    | Noticed Mara
 39039 | Elf:3    | Noticed Turgor's illusion
 39040 | Elf:3    | Killed Mara
 39042 | Elf:3    | Received a gift from Sif Muna
 39318 | Elf:3    | Identified the ring "Cuisimek" {rC+ Dex+4}
 39505 | Elf:3    | Received a gift from Sif Muna
 39567 | Elf:3    | Got Sif Muna's Octavo of Conflagration {god gift}
 39644 | Abyss:3  | Cast into level 3 of the Abyss (a deep elf demonologist)
 39662 | Abyss:3  | Found a corrupted altar of Lugonu.
 39682 | Abyss:3  | Found a corrupted altar of Lugonu.
 39682 | Abyss:3  | Found a corrupted altar of Lugonu.
 39693 | Abyss:3  | Found a corrupted altar of Lugonu.
 39748 | Abyss:3  | Got an abyssal rune of Zot
 39864 | Abyss:3  | Found a corrupted altar of Lugonu.
 39950 | Abyss:3  | Found a corrupted altar of Lugonu.
 39955 | Elf:3    | Escaped the Abyss
 40045 | Elf:3    | Received a gift from Sif Muna
 40047 | Elf:3    | Identified the +12 dire flail "Qocazuil" {heavy, Dex+4}
 40164 | Elf:3    | Identified the +4 plate armour of Beepleyth {Will++}
 40213 | Elf:3    | Identified the +0 short sword of the Elven Halls
                  | {antimagic, rElec Str+2 Int+2}
 40222 | Elf:3    | Identified the +2 robe of Purpose {*Slow rC+ Will+ rCorr}
 40236 | Elf:3    | Identified the +7 battleaxe of Quphoerch {vamp, Will+
                  | Str+3}
 40820 | D:15     | Found a staircase to the Depths.
 40871 | Depths:1 | Entered Level 1 of the Depths
 40970 | Depths:1 | Reached XP level 23. HP: 189/189 MP: 30/30
 41133 | Depths:1 | Found a one-way gateway to a ziggurat.
 41295 | Depths:1 | Found a gateway to Hell.
 41416 | Depths:1 | Found an opulent altar of Gozag.
 41509 | Depths:1 | Found a one-way gate leading to the halls of Pandemonium.
 41702 | Depths:1 | Fell from the grace of Sif Muna
 41702 | Depths:1 | Became a worshipper of Gozag Ym Sagoz the Greedy
 42685 | Depths:2 | Found a one-way gate to the infinite horrors of the Abyss.
 43006 | Depths:3 | Noticed Vv
 43020 | Depths:3 | Identified the ring of Yleixt {Ice rElec Will+ Int+2}
 43020 | Depths:3 | Noticed Josephina
 43022 | Depths:3 | Killed Vv
 43450 | Depths:3 | Killed Josephina
 43881 | Depths:3 | Noticed Norris
 43891 | Depths:3 | Killed Norris
 43924 | Depths:3 | Noticed Margery
 43953 | Depths:3 | Killed Margery
 43956 | Depths:3 | Reached XP level 24. HP: 186/197 MP: 31/31
 43961 | Depths:3 | Reached skill level 10 in Summonings
 44108 | Depths:3 | Identified the +6 shortbow of Fate {freeze, rPois Dex+2}
 44757 | Hell     | Entered the Vestibule of Hell
 44758 | Hell     | Noticed Geryon
 44782 | Depths:4 | Entered Level 4 of the Depths
 45365 | Depths:4 | Noticed Xtahua
 45372 | Depths:4 | Killed Xtahua
 45373 | Depths:4 | Found an ancient bone altar of Kikubaaqudgha.
 45698 | Depths:4 | Found a gate to the Realm of Zot.
 46142 | Crypt:1  | Entered Level 1 of the Crypt
 46337 | Crypt:1  | Found an ancient bone altar of Kikubaaqudgha.
 46454 | Crypt:1  | Found a large runed translucent door.
 46616 | Crypt:1  | Noticed Mennas
 46639 | Crypt:1  | Killed Mennas
 46707 | Crypt:1  | Acquired the +2 helmet of the Game of Kings {rPois rF+
                  | rCorr}
 46918 | Crypt:1  | Found a large runed translucent door.
 46921 | Crypt:1  | Noticed Qyg Kex's ghost (adept OpEE)
 46928 | Crypt:1  | Noticed Sojobo
 46935 | Crypt:1  | Paralysed by an air elemental for 1 turns
 46990 | Crypt:1  | Killed Sojobo
 47256 | Crypt:2  | Reached XP level 25. HP: 204/204 MP: 33/33
 47412 | Crypt:2  | Noticed Konar's ghost (master CoHu)
 47418 | Crypt:2  | Found a transporter.
 47443 | Crypt:2  | Found a transporter.
 47908 | Crypt:3  | Entered Level 3 of the Crypt
 48038 | Crypt:3  | Reached skill level 10 in Spellcasting
 48205 | Crypt:3  | Noticed a dread lich
 48205 | Crypt:3  | Noticed an ancient lich
 48208 | Crypt:3  | Noticed a dread lich
 48487 | Crypt:3  | Found a staircase to the Tomb.
 49016 | Vaults:5 | Entered Level 5 of the Vaults
 49027 | Vaults:5 | Noticed a dread lich
 49030 | Vaults:5 | Killed a dread lich
 49092 | Vaults:5 | Noticed Jory
 49156 | Vaults:5 | Killed Jory
 49177 | Vaults:5 | Reached skill level 15 in Summonings
 49183 | Vaults:5 | Identified the +9 trident "Trog's Righteous Anger" {holy,
                  | Dex+3}
 49206 | Vaults:5 | Identified the +8 great mace of Mastery {distort, Int+5}
 49265 | Vaults:5 | HP: 13/280 [fire giant/+1 great sword of flaming (13)]
 49265 | Vaults:5 | Slain by a stone giant

Illustrated notes

Levels and vault maps discovered:
D:1:      dpeg_arrival_shrine, layout_basic, ebering_ecumenical_altar_mist
D:2:      layout_loops_ring, uniq_sigmund, uniq_robin
D:3:      layout_basic, mainiacjoe_overflow_brackets, serial_shops, shop,
          nicolae_elevator_lobby_asterisk, uniq_terence, uniq_grinder
D:4:      layout_loops_cross, mainiacjoe_overflow_surrounded_room,
          uniq_menkaure, uniq_edmund
D:5:      layout_loops_ring, grunt_temple_overflow_opulence
D:6:      layout_basic, elyvilon_altar_3, grunt_temple_overflow_open
D:7:      layout_cave_pools, amcnicky_altar_gilded,
          eat_drink_and_be_merry_uskayaw, minmay_temple_entry_overgrown
D:8:      layout_rooms, serial_shops, nicolae_shop_advertising_works
          [nicolae_subvault_shop_adworks], shop, kennysheep_little_box,
          nicolae_shop_rolling_square, shop
D:9:      layout_cave_pools, mainiacjoe_overflow_alcove_1,
          minmay_orc_entry_temple_small, gammafunk_ghost_berserking_beasts,
          reono_crystal_passage
D:10:     layout_roguey, minmay_lair_entry_grove, uniq_urug
D:11:     layout_gridville, nicolae_titane
D:12:     kennysheep_big_flooded_room, layout_rooms, uniq_nessos
D:13:     layout_cross, lightli_vaults_fourway_checkpoint,
          minmay_fire_ice_demons
D:14:     layout_loops_corners, minmay_misc_feat_enclosed, uniq_kirke
D:15:     grunt_enter_depths_hoard, layout_basic, enter_trove_2,
          nicolae_tso_carved_into_rock, nicolae_wooded_promenade
Lair:1:   layout_cave_pods, grunt_megastairs_5, infiniplex_staircase_pool_2,
          lemuel_fruit_tree
Lair:2:   layout_roguey, minmay_snake_entry_six_corridors
Lair:3:   layout_cave_pods, minmay_shoals_entry_beasts, serial_bayou,
          serial_bayou_pond_b, serial_bayou_pond_c, serial_bayou_crossing,
          serial_bayou_shore_a, grunt_megastairs_2, lemuel_fruit_fields
Lair:4:   beast_lair_carwin_large_3, layout_gridlike, minivault_23
Lair:5:   minmay_lair_end_enchanted_forest, layout_gridlike,
          minmay_slime_entry_oklob_enclosed, gauntlet_entry_generic, uniq_sonja
Shoals:1: layout_shoals, nicolae_shop_unique_rings
Shoals:2: layout_shoals, serial_shops, nicolae_shop_drivethru, st_shoals_ruin
Shoals:3: layout_shoals
Shoals:4: shoals_end_simple, layout_shoals, uniq_polyphemus
Snake:1:  layout_cave_shapes, gammafunk_ghost_cemetery, grunt_megastairs_3
Snake:2:  layout_onion_interference
Snake:3:  layout_grid_shapes, nicolae_integral_box
Snake:4:  snake_pit_salamanders_mu, layout_onion_interference, uniq_roxanne
Orc:1:    layout_caves, basic_altar, mines1_david
Orc:2:    st_orc_mages, layout_caves, serial_shops, nicolae_shop_window_shopping
Elf:1:    eino_elf_arrival_altar, layout_loops_cross,
          portal_ice_cave_entry_ugly_swarm, serial_shops,
          nicolae_take_the_stairs, minmay_elf_demonology,
          minmay_misc_feat_pillars, grunt_ministairs_3,
          dreamdust_mushroom_princess, uniq_azrael, uniq_louise
Elf:2:    elven_hall_of_blades_hangedman_original
          [nicolae_blade_entry_crossed_weapons], layout_loops_cross,
          serial_shops, bzr_firewalk, uniq_jorgrun
Elf:3:    minmay_elf_hall_golems, layout_rooms, serial_shops,
          nicolae_shop_hallway_stairs, minmay_misc_feat_diagonals, uniq_mara
Vaults:1: vaults_room_grunt_arrival_checkpoint,
          nicolae_vaults_trapezoid_lopsided_3, v_rooms_6,
          ontoclasm_vaults_decontamination, vaults_room_door_ring,
          nicolae_vaults_surprise_closet_hard, nicolae_vaults_double_plus_2,
          layout_vaults_chaotic_city, uniq_boris, uniq_asterion
Vaults:2: grunt_vaults_swirl, minmay_crypt_entry_simple_statues,
          vaults_room_pool, nicolae_vaults_trapezoid_lopsided_3,
          nicolae_vaults_offset_grid_hallway_4, vaults_room_pools,
          ontoclasm_vaults_idyll, nicolae_vaults_alarming, nicolae_vaults_theta,
          nicolae_vaults_storage_closets_2, hangedman_vaults_variations,
          vaults_room_fours, grunt_vaults_funnel, nicolae_vaults_house_1,
          nicolae_vaults_trapezoid_1, layout_vaults_ring, serial_shops,
          nicolae_shop_peninsula, uniq_nikola
Vaults:3: nicolae_vaults_ellipses_ellipsis, st_quartered_hall,
          vaults_standard_mumra_lines, nicolae_vaults_trapezoid_layered,
          hangedman_vaults_stretched_pinwheel, vaults_room_octagon,
          grunt_vaults_hallway_short, v_misc_15, nicolae_vaults_diamond_2,
          ontoclasm_vaults_twist, hangedman_vaults_maws, ontoclasm_vaults_tryst,
          layout_vaults_omnibox, serial_shops, shop
Vaults:4: hangedman_vaults_stitches, v_pattern_4, nicolae_vaults_back_hallway,
          nicolae_vaults_sealed_display, nicolae_vaults_tetromino_Z_1,
          grunt_vaults_hallway_long, lightli_orcish_oven, v_misc_31,
          vaults_room_corners, vaults_dpeg_spiral, ontoclasm_vaults_misaligned,
          nicolae_vaults_little_squares_4, ontoclasm_vaults_misaligned,
          vaults_mumra_lcd, layout_vaults_maze
Vaults:5: uniq_jory
Crypt:1:  layout_gridlike, ebering_ghost_disaster_area, basic_altar,
          nicolae_crypt_crosshalls, uniq_sojobo, uniq_mennas
Crypt:2:  layout_chaotic_city, gammafunk_ghost_arena,
          serial_library_regret_index_closets, small_statue_intersection
Crypt:3:  david_glass_crypt, layout_gridlike, nicolae_tomb_entry_grand_gallery,
          columned_hall_lemuel, st_stairs_3
Depths:1: layout_twisted_cross, enter_ziggurat_d, grunt_gozag_breadcrumbs,
          hangedman_tar_grid_catacomb, rand_demon_pan_entry_7,
          hangedman_decor_peaks_small, kennysheep_generic_room_7
Depths:2: nzn_winding_woodlands_cross [nzn_winding_woodlands_5x15_longhouse,
          nzn_winding_woodlands_5x15_pockets,
          nzn_winding_woodlands_5x15_sidewinder,
          nzn_winding_woodlands_5x15_sawtooth,
          nzn_winding_woodlands_15x15_thick_spiral], layout_basic,
          pf_dread_powers_of_hell, minmay_misc_feat_tower,
          minmay_room_of_horrors, pan_entry
Depths:3: kennysheep_four_of_diamonds, layout_basic,
          nicolae_abyss_entry_one_way_or_another, grunt_metal_band, uniq_vv,
          uniq_josephina, uniq_margery, uniq_norris
Depths:4: grunt_zot_entry_gee_three, layout_gridlike, hell_entry,
          minmay_crystal_room, nicolae_kikubaaqudgha_miasma_corner, uniq_xtahua
Hell

Skill      XL: |  1  2  3  4  5  6  7  8  9 10 11 12 13 14 15 16 17 18 19 20 21 22 23 24 25 |
---------------+----------------------------------------------------------------------------+-----
Ranged Weapons | 4 5 6 7 9 10 12 14 15 16 18 | 18.0
Fighting       | 3 4 5 6 8 9 11 12 13 14 15 16 17 18 | 18.0
Armour         | 2 6 9 11 12 13 14 15 16 17 18 | 18.0
Dodging        | 5 8 10 12 13 14 15 16 17 18 | 18.0
Evocations     | 4 7 10 11 13 | 13.0
Summonings     | 1 4 5 6 7 9 13 15 | 15.3
Translocations | 5 8 9 10 12 14 | 14.9
Spellcasting   | 3 5 6 7 8 9 10 | 10.9
Stealth        | 2 5 7 |  7.0

Action                     |  1- 3 |  4- 6 |  7- 9 | 10-12 | 13-15 | 16-18 | 19-21 | 22-24 | 25-27 || total
---------------------------+-------+-------+-------+-------+-------+-------+-------+-------+-------++-------
  Melee: Unarmed           |       |       |       |       |       |       |    27 |       |       ||    27
   Fire: Sling             |   118 |   232 |   736 |   980 |  2898 |  4254 |  1939 |       |       || 11157
         Hand cannon       |       |       |       |       |       |       |  1043 |  2014 |   562 ||  3619
   Cast: Apportation       |       |       |       |       |       |     3 |       |       |       ||     3
         Blink             |       |       |       |       |       |     1 |     3 |     4 |     4 ||    12
         Gell's Gravitas   |       |       |       |       |       |     1 |     2 |       |       ||     3
         Passage of Golubr |       |       |       |       |       |       |       |     1 |     2 ||     3
         Summon Forest     |       |       |       |       |       |       |       |       |     1 ||     1
 Invoke: Potion Petition   |       |       |       |       |       |       |       |       |     5 ||     5
Ability: Invent Gizmo      |       |       |       |       |     1 |       |       |       |       ||     1
  Evoke: Wand              |       |       |       |     9 |    16 |    32 |    36 |    22 |     2 ||   117
         Sack of spiders   |       |       |       |     1 |     3 |     3 |     5 |     5 |     1 ||    18
         Phial of floods   |       |       |       |       |     2 |     2 |     2 |     3 |       ||     9
         Tin of tremorston |       |       |       |       |       |     5 |     6 |     6 |     2 ||    19
         Phantom mirror    |       |       |       |       |       |     2 |     2 |     2 |       ||     6
         Lightning rod     |       |       |       |       |       |       |    12 |    13 |       ||    25
    Use: Scroll            |     4 |     2 |    14 |    12 |     6 |    18 |    21 |    10 |    17 ||   104
         Potion            |     1 |       |       |     8 |     3 |    14 |    11 |    12 |    17 ||    66
   Stab: Confused          |       |       |       |       |       |       |     3 |       |       ||     3
 Armour: Leather armour    |     9 |    13 |    34 |       |       |       |       |       |       ||    56
         Ring mail         |       |       |    91 |    86 |       |       |       |       |       ||   177
         Skin              |       |       |       |    57 |       |       |     6 |       |    21 ||    84
         Scale mail        |       |       |       |   106 |   774 |   744 |   735 |   354 |   213 ||  2926
  Dodge: Dodged            |     2 |    16 |    57 |    83 |   913 |   815 |   988 |   378 |   295 ||  3547

Table legend: (Time is in decaauts)
 A = Elapsed time spent in this place.
 B = Non-inter-level travel time spent in this place.
 C = Inter-level travel time spent in this place.
 D = Time resting spent in this place.
 E = Time spent auto-exploring this place.
 F = Levels seen in this place.
 G = Mean time per level.
                   A        B        C        D        E       F      G
               +--------+--------+--------+--------+--------+-----+--------+
         Total |  49835 |  46126 |   3709 |   2312 |  30287 |  50 |  996.7 |
       Dungeon |  13310 |  12046 |   1264 |    537 |   8901 |  15 |  887.3 |
          Lair |   6787 |   6283 |    504 |    288 |   4309 |   5 | 1357.4 |
        Shoals |   4130 |   3949 |    181 |     61 |   2669 |   4 | 1032.5 |
     Snake Pit |   4976 |   4522 |    454 |    445 |   2761 |   4 | 1244.0 |
  Orcish Mines |   1714 |   1605 |    109 |    110 |   1058 |   2 |  857.0 |
   Elven Halls |   2873 |   2746 |    127 |    233 |   1408 |   3 |  957.7 |
        Vaults |   6515 |   5961 |    554 |    117 |   3747 |   5 | 1303.0 |
         Crypt |   2857 |   2732 |    125 |    212 |   1821 |   3 |  952.3 |
        Depths |   5428 |   5039 |    389 |    203 |   3407 |   4 | 1357.0 |
          Hell |      3 |      3 |      0 |      0 |      0 |   1 |    3.0 |
         Abyss |    349 |    349 |      0 |     76 |      0 |   1 |  349.0 |
        Bazaar |    235 |    235 |      0 |      0 |      0 |   1 |  235.0 |
      Ice Cave |    359 |    359 |      0 |      0 |    176 |   1 |  359.0 |
      Gauntlet |    291 |    291 |      0 |     28 |     28 |   1 |  291.0 |
               +--------+--------+--------+--------+--------+-----+--------+

Top non-repeatable levels by time:
 Snake:4: 2137 daAuts
Depths:3: 1891 daAuts
Vaults:1: 1736 daAuts
  Lair:5: 1637 daAuts
  Lair:3: 1582 daAuts
Vaults:3: 1575 daAuts
Vaults:4: 1464 daAuts
Vaults:2: 1450 daAuts
Shoals:4: 1412 daAuts
   Elf:3: 1323 daAuts
  Lair:1: 1297 daAuts
Depths:2: 1277 daAuts
 Crypt:1: 1195 daAuts
  Lair:2: 1191 daAuts
Depths:4: 1143 daAuts
